 Dungeon Crawl Stone Soup version 0.29.1-2-gbd0b4ee654 (webtiles) character file.

Game seed: 14503258933526483860

13407 croobank the Fighter (level 11, -8/99 HPs)
             Began as a Yellow Draconian Summoner on Nov 16, 2022.
             Was an Initiate of Gozag.
             Mangled by a black mamba (16 damage)
             ... on level 1 of the Lair of Beasts on Nov 17, 2022.
             The game lasted 01:33:54 (15715 turns).

croobank the Fighter (Yellow Draconian Summoner)   Turns: 15715, Time: 01:33:54

Health: -8/99      AC:  9    Str: 10    XL:     11   Next: 75%
Magic:  24/30      EV: 14    Int: 20    God:    Gozag
Gold:   459        SH:  0    Dex: 12    Spells: 11/24 levels left

rFire   + . .      SeeInvis .   N - +5 scimitar (venom)
rCold   + . .      Faith    .   (no shield)
rNeg    . . .      Spirit   .   (body armour unavailable)
rPois   +          Reflect  .   (helmet restricted)
rElec   +          Harm     .   (no cloak)
rCorr   +          Rampage  .   (no gloves)
Will    .....                   r - +1 pair of boots
Stlth   +++.......              o - amulet of regeneration
HPRegen 1.06/turn               f - ring of magical power
MPRegen 0.22/turn               (no ring)

@: lethally poisoned (-8 -> -19), resistant, hasted, very quick
A: spit acid, AC +7, unfitting armour, cold-blooded, acid resistance
a: Breathe Acid, Renounce Religion, Potion Petition, Call Merchant, Bribe Branch


You were on level 1 of the Lair of Beasts.
You worshipped Gozag.
Gozag was aware of your devotion.
You visited 3 branches of the dungeon, and saw 14 of its levels.

You collected 1951 gold pieces.
You spent 532 gold pieces at shops.
You paid 960 gold pieces to Gozag.

Inventory:

Hand Weapons
 g - a +2 whip of electrocution
 h - a +1 falchion of flaming
 j - a +0 sling
 l - a +0 short sword
 n - a +1 dagger of protection
 u - the +4 dagger of Ewkofe Utzeu {flame, Str+3}
   (You found it on level 5 of the Dungeon)

   It burns those it strikes, dealing additional fire damage.
   Str:       It affects your strength (+3).
 K - a +2 morningstar of freezing
 L - a +4 war axe
 M - a +2 falchion of venom
 N - a +5 scimitar of venom (weapon)
 S - a +1 scimitar of flaming
Missiles
 i - 9 atropa-tipped darts
 y - a throwing net
 J - 3 curare-tipped darts
Armour
 r - a +1 pair of boots (worn)
Jewellery
 f - a ring of magical power (left hand)
 o - an amulet of regeneration (around neck)
 x - a ring of wizardry
 C - a +6 ring of intelligence
 R - a +4 ring of evasion
Wands
 b - a wand of digging (9)
 p - a wand of paralysis (10)
 D - a wand of roots (12)
 I - a wand of mindburst (18)
 O - a wand of flame (24)
Scrolls
 c - 5 scrolls of teleportation
 q - 2 scrolls of vulnerability
 A - 3 scrolls of enchant weapon
 E - a scroll of silence
 G - 2 scrolls of butterflies
 P - 3 scrolls of identify
 Q - a scroll of amnesia
Potions
 a - 10 potions of curing
 d - 4 potions of invisibility
 e - 7 potions of cancellation
 k - a potion of lignification
 m - 2 potions of mutation
 t - 4 potions of resistance
 v - 3 potions of flight
 w - 2 potions of heal wounds
 z - a potion of magic
 B - 4 potions of might
 F - 2 potions of attraction
 H - 3 potions of berserk rage
Miscellaneous
 s - a tin of tremorstones (2/2)


   Skills:
 - Level 9.9 Fighting
 + Level 0.0 Long Blades
 - Level 6.9 Dodging
 - Level 7.4 Stealth
 - Level 7.0 Spellcasting
 - Level 5.0 Hexes
 - Level 8.5 Summonings
 - Level 6.0 Air Magic


You had 11 spell levels left.
You knew the following spells:

 Your Spells              Type           Power      Damage    Failure   Level
a - Summon Small Mammal   Summ           100%       N/A       1%          1
b - Call Imp              Summ           41%        N/A       1%          2
c - Call Canine Familiar  Summ           41%        N/A       1%          3
d - Summon Guardian Gole  Hex/Summ       34%        N/A       1%          3
e - Summon Lightning Spi  Summ/Air       36%        N/A       4%          4

Your spell library contained the following spells:

 Spells                   Type           Power      Damage    Failure   Level
 Inner Flame              Hex/Fire       17%        N/A       10%         3
 Cause Fear               Hex            13%        N/A       12%         4
 Gell's Gravitas          Tloc           7%         N/A       28%         3
 Teleport Other           Tloc           7%         N/A       28%         3
 Dispersal                Tloc           3%         N/A       100%        6
 Discord                  Hex            13%        N/A       100%        8


Dungeon Overview and Level Annotations

Branches:
Dungeon (12/15)            Temple (1/1) D:4            Lair (1/5) D:11
    Orc (0/2) D:12

Altars:
Ashenzari
Cheibriados
Dithmenos
Elyvilon
Fedhas
Gozag
Hepliaklqana
Kikubaaqudgha
Makhleb
Nemelex Xobeh
Okawaru
Qazlal
Ru
Sif Muna
Trog
Uskayaw
Vehumet
Wu Jian
Xom
Yredelemnul
Zin
The Shining One

Shops:
D:6 *   D:8 !   D:12 (

Annotations:
D:10 3 runed translucent doors, fireball365's ghost, novice MiFi


Innate Abilities, Weirdness & Mutations

You can spit globs of acid.
Your golden yellow scales are hard. (AC +7)
You cannot fit into any form of body armour.
You are cold-blooded and may be slowed by cold attacks.
You are resistant to acid. (rCorr)


Message History

Confirm with . or Enter, or press ? or * to list all spells.
An electric hum fills the air.
You feel sick. The black mamba bites you!
You are more poisoned.
The black mamba poisons you!
The cane toad stings you but does no damage.
You feel very sick. The black mamba bites you!
You are more poisoned.
The black mamba poisons you!
You feel extremely sick. The black mamba bites you.
You are more poisoned.
The black mamba poisons you! The black mamba barely misses you.
The cane toad stings you!
* * * LOW HITPOINT WARNING * * *
The black mamba attacks as you move away!
The black mamba misses you.
* * * LOW HITPOINT WARNING * * *
You feel extremely sick. The black mamba bites you!
* * * LOW HITPOINT WARNING * * *
Okay, then.
Okay, then. [a] - 250 gold - heal wounds and berserk rage [b] - 650 gold - haste, resistance and heal wounds [c] - 594 gold - resistance, brilliance and magic Purchase which effect?
You no longer have enough gold to fund merchants seeking to open stores in the dungeon.
You feel yourself speed up.
You feel protected.
You feel much better.
You feel extremely sick. The black mamba closely misses you.
The cane toad stings you!!
* * * LOW HITPOINT WARNING * * *
The black mamba misses you.
* * * LOW HITPOINT WARNING * * *
You feel very sick. The black mamba bites you!
You die...
Your body crumbles into a pile of gold.

.................# ...
........<........#...
.................#....
.............?....# .#
#..##..#..........#..#
.# #..#.............#
..................#
..........8SF...#..P
......#....@.....#
#####.##........## #.
########..# ### $


You could see a black mamba (ally target), a cane toad and a friendly lightning
spire (summoned).

Vanquished Creatures
  A boulder beetle (D:10)
  Erica (D:11)
  Pikel (D:7)
  3 kobold demonologists
  Grinder (D:3)
  7 yaks
  An acid dragon (D:9)
  A black bear (D:6)
  An orc warrior (D:9)
  An ogre (D:6)
  A centaur (D:5)
  5 kobold brigands
  A gnoll sergeant (D:9)
  3 bullfrogs
  A necrophage (D:5)
  4 scorpions
  4 killer bees
  3 howler monkeys
  3 hounds
  A human zombie (D:7)
  An orc priest (D:9)
  2 human skeletons (D:7)
  3 orc wizards (D:10)
  Natasha (D:2)
  2 nameless horrors
  3 adders
  3 gnolls
  A worm (D:3)
  4 dart slugs
  6 orcs
  2 endoplasms
  A giant cockroach (D:2)
  A hobgoblin (D:3)
  A jackal (D:2)
  A quokka (D:4)
  3 ball pythons
  A bat (D:2)
  13 kobolds
  3 orc skeletons (D:7)
  2 rats
98 creatures vanquished.

Vanquished Creatures (collateral kills)
  Joseph (D:8)
  Psyche (D:9)
  A gargoyle (D:12)
  An unseen horror (D:10)
  2 shadows (D:9)
  8 yaks
  A wyvern (D:9)
  A steam dragon (D:6)
  3 water moccasins
  3 orc warriors (D:10)
  2 ogres
  A phantom (D:5)
  4 scorpions
  2 necrophages (D:4)
  3 wights (D:8)
  3 killer bees (D:7)
  An electric eel (D:8)
  3 howler monkeys
  7 orc priests
  A hound (D:7)
  A jelly (D:6)
  Natasha (twice) (D:2)
  An iguana (D:5)
  4 orc wizards
  A statue (D:4)
  14 gnolls
  3 adders
  A shadow imp (D:6)
  A white imp (D:4)
  An ufetubus (D:6)
  3 worms
  A dart slug (D:5)
  22 orcs
  4 ball pythons
  5 bats
  A bat zombie (D:5)
  10 endoplasms
  5 giant cockroaches
  4 goblins
  4 hobgoblins
  2 jackals (D:2)
  3 quokkas
  3 frilled lizards
  6 kobolds
  6 rats
  A rat zombie (D:5)
158 creatures vanquished.

Vanquished Creatures (others)
  2 hydras (D:11)
  A kobold demonologist (D:11)
  2 yaks (D:11)
  2 lemures (D:7)
  A gnoll sergeant (D:9)
  A bullfrog (D:7)
  6 wights (D:8)
  2 killer bees (D:7)
  A howler monkey (D:9)
  A gnoll bouda (D:7)
  Ijyb (D:4)
  5 gnolls
  2 orcs (D:4)
  53 fungi (D:11)
  48 plants (D:11)
128 creatures vanquished.

Grand Total: 384 creatures vanquished

Notes
Turn   | Place    | Note
-------+----------+-------------------------------------------
     0 | D:1      | croobank the Draconian Summoner began the quest for the
                  | Orb.
     0 | D:1      | Reached XP level 1. HP: 14/14 MP: 3/3
   209 | D:1      | Reached XP level 2. HP: 20/20 MP: 3/5
   212 | D:1      | Learned a level 2 spell: Call Imp
   418 | D:1      | Found a faded altar of an unknown god.
   892 | D:1      | You fall into a shaft and drop 1 floor!
  1235 | D:2      | Reached XP level 3. HP: 26/26 MP: 1/6
  1239 | D:2      | Learned a level 3 spell: Call Canine Familiar
  1878 | D:2      | Found a shimmering altar of Xom.
  1880 | D:2      | Noticed Natasha
  1892 | D:2      | Killed Natasha
  1893 | D:2      | Reached XP level 4. HP: 33/33 MP: 2/8
  2375 | D:2      | Noticed Natasha
  2391 | D:2      | Killed Natasha
  2758 | D:2      | Noticed Natasha
  2766 | D:2      | Killed Natasha
  2767 | D:2      | Reached XP level 5. HP: 28/38 MP: 0/9
  2906 | D:3      | Noticed Grinder
  2920 | D:3      | Killed Grinder
  2921 | D:3      | Reached skill level 5 in Summonings
  2921 | D:3      | Reached XP level 6. HP: 45/45 MP: 2/11
  3427 | D:3      | Found a glowing golden altar of the Shining One.
  3912 | D:3      | Learned a level 3 spell: Summon Guardian Golem
  4354 | D:4      | Found a staircase to the Ecumenical Temple.
  4362 | Temple   | Entered the Ecumenical Temple
  4847 | D:4      | Found a radiant altar of Vehumet.
  4868 | D:4      | Reached skill level 1 in Fighting
  4868 | D:4      | Your scales start taking on a golden yellow colour.
  4868 | D:4      | Reached XP level 7. HP: 52/52 MP: 10/12
  4868 | D:4      | Gained mutation: You are resistant to acid. (rCorr) [Yellow
                  | Draconian growth]
  5017 | D:4      | Noticed Ijyb
  5049 | D:4      | Killed Ijyb
  5297 | D:4      | Reached skill level 1 in Hexes
  5305 | D:4      | Learned a level 4 spell: Summon Lightning Spire
  5761 | D:4      | Reached skill level 2 in Fighting
  6064 | D:4      | Found a hazy altar of Hepliaklqana.
  6448 | D:4      | Found a shadowy altar of Dithmenos.
  6448 | D:4      | Noticed a shadow
  6487 | D:5      | Entered Level 5 of the Dungeon
  6503 | D:5      | Reached skill level 1 in Air Magic
  6562 | D:5      | Reached skill level 3 in Fighting
  6562 | D:5      | Reached XP level 8. HP: 60/63 MP: 14/14
  6897 | D:5      | Found an opulent altar of Gozag.
  6900 | D:5      | Became a worshipper of Gozag Ym Sagoz the Greedy
  7080 | D:5      | Found an ancient bone altar of Kikubaaqudgha.
  7080 | D:5      | Identified the +4 dagger of Ewkofe Utzeu {flame, Str+3}
  7501 | D:6      | Reached skill level 4 in Fighting
  7730 | D:6      | Found Heixonul's Assorted Antiques.
  7735 | D:6      | Bought a scroll of identify for 50 gold pieces
  7736 | D:6      | Bought a bubbling black potion for 22 gold pieces
  7736 | D:6      | Bought a potion of cancellation for 200 gold pieces
  8356 | D:6      | Reached skill level 5 in Stealth
  8677 | D:7      | Reached skill level 5 in Fighting
  8677 | D:7      | Reached XP level 9. HP: 60/74 MP: 12/16
  8730 | D:7      | Reached skill level 5 in Spellcasting
  9139 | D:7      | Noticed Pikel
  9165 | D:7      | Killed Pikel
  9166 | D:7      | Reached skill level 6 in Fighting
  9166 | D:7      | Reached skill level 5 in Dodging
  9210 | D:7      | Found a sand-covered staircase.
  9464 | D:7      | Found an iron altar of Okawaru.
  9465 | D:7      | Found a bloodstained altar of Trog.
 10268 | D:8      | Found a burning altar of Makhleb.
 10376 | D:8      | Found Rerhab's Distillery.
 10924 | D:8      | Bought a potion of berserk rage for 65 gold pieces
 10924 | D:8      | Bought a potion of berserk rage for 65 gold pieces
 10924 | D:8      | Bought a potion of might for 52 gold pieces
 10924 | D:8      | Bought a potion of curing for 39 gold pieces
 10924 | D:8      | Bought a potion of curing for 39 gold pieces
 11179 | D:8      | Found a snail-covered altar of Cheibriados.
 11452 | D:8      | Noticed Joseph
 11462 | D:8      | Killed Joseph
 11463 | D:8      | Reached XP level 10. HP: 83/84 MP: 18/18
 11980 | D:9      | Found a hide-covered altar of Uskayaw.
 12074 | D:9      | Reached skill level 7 in Fighting
 12083 | D:9      | Noticed Psyche
 12106 | D:9      | Killed Psyche
 12433 | D:9      | Noticed a soul eater
 12520 | D:9      | Noticed an orange demon
 12997 | D:10     | Entered Level 10 of the Dungeon
 13048 | D:10     | Found a sacrificial altar of Ru.
 13083 | D:10     | Reached skill level 8 in Fighting
 13167 | D:10     | Noticed an ice dragon
 13171 | D:10     | Noticed a centaur warrior
 13171 | D:10     | Noticed a two-headed ogre
 13173 | D:10     | Found a runed translucent gate.
 13173 | D:10     | Found a runed translucent gate.
 13173 | D:10     | Found a runed translucent gate.
 13174 | D:10     | Noticed fireball365's ghost (novice MiFi)
 13718 | D:10     | Reached skill level 5 in Air Magic
 13718 | D:10     | Reached XP level 11. HP: 94/95 MP: 20/20
 13900 | D:11     | Noticed a five-headed hydra
 13905 | D:11     | Noticed a boulder beetle
 14063 | D:12     | Reached skill level 5 in Hexes
 14203 | D:12     | Found Gixouzuu's Weapon Shoppe.
 14213 | D:12     | Noticed a centaur warrior
 14214 | D:12     | Found a staircase to the Orcish Mines.
 14427 | D:10     | Killed a boulder beetle
 14428 | D:10     | Reached skill level 9 in Fighting
 14847 | D:11     | Noticed Erica
 14865 | D:11     | Killed Erica
 14986 | D:11     | Found a staircase to the Lair.
 15044 | D:11     | Killed a five-headed hydra
 15073 | D:11     | Noticed a six-headed hydra
 15270 | D:11     | Killed a six-headed hydra
 15594 | Lair:1   | Entered Level 1 of the Lair of Beasts
 15715 | Lair:1   | Mangled by a black mamba

Illustrated notes

Levels and vault maps discovered:
D:1:      wander_arrival_chamber, layout_basic, ebering_ecumenical_altar_rust
D:2:      layout_loops_ring, basic_altar, minmay_pentomino_p2, uniq_natasha
D:3:      layout_basic, tso_oasis_becter, cheibrodos_sewer_entry_drain,
          uniq_grinder
D:4:      layout_cave_pods, riverfiend_overflow_shadow_ancestor, vehumet_statue,
          minmay_temple_entry_junction, nicolae_hexahallways, uniq_ijyb
D:5:      layout_loops_ring, lemuel_zombie_altar_kikubaaqudgha, kennysheep_mini,
          st_stairs_5
D:6:      layout_gridville, serial_shops, nicolae_shop_statue_plus
D:7:      layout_basic, grunt_temple_overflow_bloody_war,
          nicolae_ossuary_entry_catacombs, uniq_pikel
D:8:      layout_gridville, lemuel_coloured_pillars_altar,
          mainiacjoe_overflow_small_starburst, serial_shops,
          nicolae_inconvenience_store, hangedman_abyss_or_decor_clamps,
          nicolae_figureground_pulse, uniq_joseph
D:9:      layout_basic, nicolae_uskayaw_murder_on_the_dancefloor, uniq_psyche
D:10:     layout_roguey, mainiacjoe_overflow_boulevard, gammafunk_ghost_split
D:11:     layout_rooms, due_lair_maze_entry_diamond, hangedman_decor_points,
          uniq_erica
D:12:     layout_irregular_city, orc_david_3
Temple:   eino_temple_lava
Lair:1:   layout_gridlike

Skill      XL: |  1  2  3  4  5  6  7  8  9 10 11 |
---------------+----------------------------------+-----
Dodging        | 2 3 4 5 6 |  6.9
Stealth        | 2 3 4 5 6 7 |  7.4
Spellcasting   | 3 4 5 6 7 |  7.0
Summonings     | 5 6 7 8 |  8.5
Fighting       | 1 3 5 6 8 9 |  9.9
Hexes          | 1 3 4 5 |  5.0
Air Magic      | 1 2 3 5 6 |  6.0

Action                   |  1- 3 |  4- 6 |  7- 9 | 10-12 || total
-------------------------+-------+-------+-------+-------++-------
Melee: Unarmed           |    61 |     2 |       |       ||    63
       Tailslap          |     7 |    17 |    21 |    31 ||    76
       Punch             |     2 |       |     3 |     2 ||     7
       Whip              |       |    73 |    32 |       ||   105
       Dagger            |       |       |    85 |       ||    85
       Scimitar          |       |       |     2 |   200 ||   202
 Cast: Summon Small Mamm |    34 |    22 |    48 |     6 ||   110
       Call Imp          |     7 |     6 |    19 |     3 ||    35
       Call Canine Famil |     7 |    21 |    32 |    22 ||    82
       Summon Guardian G |       |     1 |    20 |    13 ||    34
       Summon Lightning  |       |       |     6 |    47 ||    53
Invok: Potion Petition   |       |       |       |     2 ||     2
 Abil: Breathe Acid      |       |       |     4 |     2 ||     6
Evoke: Wand              |       |       |     1 |       ||     1
  Use: Potion            |     1 |       |     1 |       ||     2
       Scroll            |       |     7 |    14 |     4 ||    25
 Stab: Sleeping          |     1 |     5 |     2 |     1 ||     9
       Distracted        |       |       |     1 |     3 ||     4
Armor: Skin              |    44 |    28 |    57 |   162 ||   291
Dodge: Dodged            |    84 |    39 |   124 |   283 ||   530
